Map: Tropic Shores

Players

Loken - Winner!

  • Race: Zerg Zerg
  • League: Platinum
  • Spawn Location: 6:00

Fimp

  • Race: Terran Terran
  • Spawn Location: 0:00

Pelden

  • Race: Zerg Zerg
  • Spawn Location: 12:00

Myran - Winner!

  • Race: Protoss Protoss
  • Spawn Location: 5:00

VOD

Have the link to the VOD?

Description

Time

  • Played on: April 7, 2017, 3:51 p.m.
  • Length: 13:26
Show
View Real Time Build Order
Export as new Build Order

Loken Zerg - Winner!

Build Orders: 3 Hatch before Pool 

Get SALT Encoding   

  12  0:01  Drone  
  13  0:09  Drone  
  14  0:18  Overlord  
  14  0:37  Drone  
  14  0:38  Drone x2  
  17  0:58  Drone  
  18  1:09  Hatchery  
  17  1:19  Hatchery  
  16  1:32  Spawning Pool  
  15  1:38  Drone  
  15  1:39  Drone  
  17  1:41  Drone  
  18  1:53  Drone  
  19  1:58  Extractor  
  19  2:00  Extractor  
  17  2:11  Drone  
  18  2:22  Drone  
  19  2:23  Queen  
  19  2:24  Queen  
  19  2:25  Overlord  
  19  2:27  Drone  
  24  2:35  Queen  
  26  2:40  Drone  
  27  2:45  Drone  
  28  2:56  Drone x3  
  31  3:05  Drone  
  31  3:06  Drone x2  
  34  3:23  Drone x2  
  34  3:24  Drone x4  
  40  3:31  Drone  
  40  3:32  Drone  
  42  3:34  Overlord  
  42  3:38  Overlord  
  42  3:46  Lair  
  42  3:48  Metabolic Boost  
  42  3:56  Drone x4  
  42  4:02  Extractor  
  45  4:06  Extractor  
  44  4:16  Drone  
  46  4:17  Drone x7  
  52  4:30  Overlord  
  52  4:31  Overlord x4  
  52  4:39  Pneumatized Carapace  
  52  4:45  Burrow  
  52  4:47  Extractor  
  52  4:48  Drone  
  52  4:49  Extractor  
  51  5:01  Spire  
  51  5:04  Spire  
  51  5:06  Drone  
  50  5:07  Drone x8  
  58  5:18  Drone x2  
  58  5:19  Drone x4  
  64  5:39  Drone  
  64  5:40  Drone x10  
  75  5:55  Overlord x4  
  75  6:07  Overlord  
  75  6:08  Overlord x4  
  75  6:58  Mutalisk  
  75  6:59  Mutalisk x14  
  105  7:02  Zerg Flyer Weapons Level 1  
  105  7:03  Zerg Flyer Armor Level 1  
  105  7:32  Mutalisk x5  
  105  7:33  Mutalisk x3  
  121  7:42  Infestation Pit  
  121  7:44  Overlord x5  
  120  7:45  Overlord  
  120  7:58  Evolution Chamber  
  119  7:59  Evolution Chamber  
  119  8:01  Evolution Chamber  
  111  8:43  Mutalisk x10  
  131  9:23  Mutalisk x7  
  145  9:47  Zerg Melee Weapons Level 1, Zerg Missile Weapons Level 1  
  145  9:48  Zerg Ground Armor Level 1  
  145  10:21  Zergling x2  
  145  10:22  Zergling x22  
  157  10:34  Hatchery  
  156  10:36  Hatchery  
  155  10:50  Hive  
  155  10:59  Mutalisk x5  
  155  11:00  Mutalisk x6  
  174  11:21  Zergling x8  
  163  11:57  Zergling x4  
  163  11:58  Zergling x28  
Show
View Real Time Build Order
Export as new Build Order

Fimp Terran 

Build Orders: MMM Bio 

Get SALT Encoding   

  12  0:01  SCV  
  13  0:13  SCV  
  14  0:18  Supply Depot  
  14  0:26  SCV  
  15  0:34  Refinery  
  15  0:40  SCV  
  16  0:47  Barracks  
  16  0:52  SCV  
  17  1:09  SCV  
  18  1:36  Orbital Command  
  18  1:37  Marine  
  19  1:40  Factory  
  19  2:02  SCV  
  20  2:17  Command Center  
  20  2:21  Barracks Tech Lab  
  20  2:23  SCV  
  20  2:28  Factory Reactor  
  21  2:40  Starport  
  21  2:44  SCV  
  22  2:47  Refinery  
  22  2:48  Marine  
  23  3:02  Supply Depot  
  23  3:06  Engineering Bay  
  23  3:18  Stimpack  
  23  3:23  SCV, Marine  
  25  3:29  Factory Tech Lab  
  25  3:31  Supply Depot  
  25  3:39  Orbital Command  
  25  3:43  SCV  
  25  3:45  Marine  
  27  4:00  Medivac x2  
  31  4:04  SCV  
  31  4:07  SCV  
  33  4:11  Marine  
  34  4:21  Barracks  
  34  4:24  Siege Tank  
  37  4:30  Liberator, Marine  
  38  4:48  Marine  
  42  4:57  Hellion  
  44  5:12  Barracks Reactor  
  44  5:13  Barracks, Command Center  
  44  5:15  Marine  
  44  5:20  Siege Tank  
  48  5:30  SCV x2  
  50  5:36  Refinery  
  50  5:42  Marine  
  50  5:46  Medivac  
  50  5:49  Marine  
  54  6:00  Supply Depot  
  54  6:01  Supply Depot  
  54  6:03  Missile Turret  
  54  6:08  Missile Turret  
  54  6:09  Missile Turret  
  54  6:12  Missile Turret  
  54  6:21  Marine  
  54  6:23  Supply Depot  
  55  6:25  Barracks Reactor  
  55  6:27  Marine x2  
  57  6:39  Marine  
  58  6:45  Marine x2  
  60  6:57  Marine  
  60  6:59  SCV x2  
  63  7:01  Orbital Command  
  63  7:03  Marine x4  
  63  7:05  Siege Tank  
  63  7:06  Medivac  
  63  7:08  Medivac  
  74  7:11  SCV  
  74  7:15  Marine  
  76  7:19  SCV  
  76  7:21  Marine  
  76  7:22  Marine x2  
  80  7:23  Marine  
  80  7:26  Combat Shields  
  81  7:38  Siege Tank  
  81  7:39  Medivac  
  81  7:43  Marine x5  
  75  8:35  Marine x5  
  75  8:37  Widow Mine  
  78  8:52  Marine  
  78  8:53  Marine x4  
  68  9:05  SCV  
  58  9:35  Marine x5  
  58  9:37  Widow Mine  
  61  9:39  SCV  
  61  9:43  Terran Infantry Weapons Level 1  
  62  9:51  SCV  
  63  10:05  Marine  
  63  10:08  Marine x4  
  63  10:09  Widow Mine  
  63  10:12  Viking x2  
  48  10:23  Marine  
  48  10:26  Marine x3  
  52  10:37  Marine  
  52  10:38  Widow Mine  
  52  10:39  Command Center  
  52  10:41  Marine  
  56  10:49  Medivac x2  
  60  10:51  Marine x3  
  63  11:00  Supply Depot  
  63  11:21  Widow Mine, Marine  
  38  12:00  Marine  
Show
View Real Time Build Order
Export as new Build Order

Pelden Zerg 

Build Orders: Hatch First 

Get SALT Encoding   

  12  0:02  Drone  
  13  0:11  Drone  
  14  0:18  Overlord  
  14  0:26  Drone, Extractor  
  15  0:37  Drone x2  
  17  0:45  Drone  
  18  0:59  Hatchery  
  18  1:02  Drone  
  18  1:41  Drone x2  
  18  1:42  Spawning Pool, Drone  
  20  2:03  Drone x2  
  22  2:09  Extractor  
  22  2:15  Drone  
  22  2:16  Overlord, Extractor  
  21  2:29  Queen  
  23  2:31  Queen  
  23  2:33  Drone  
  23  2:34  Overlord  
  23  2:35  Drone  
  27  2:40  Drone  
  28  2:48  Drone  
  29  2:53  Drone  
  30  2:59  Drone  
  30  3:04  Roach Warren  
  30  3:15  Drone x2  
  30  3:16  Drone  
  30  3:17  Overlord  
  33  3:27  Drone  
  33  3:28  Drone  
  35  3:43  Drone  
  35  3:45  Hatchery, Roach  
  35  3:46  Roach x4  
  45  3:50  Overlord  
  45  3:57  Roach x2  
  49  4:08  Roach  
  49  4:09  Roach x3  
  57  4:17  Roach  
  57  4:20  Drone  
  57  4:21  Overlord  
  60  4:27  Lair  
  60  4:39  Roach x3  
  66  4:48  Roach  
  68  4:53  Overlord x3  
  68  5:10  Drone x6  
  68  5:11  Overlord  
  68  5:13  Drone  
  75  5:24  Extractor  
  75  5:25  Drone x3  
  77  5:38  Drone x2  
  77  5:40  Queen  
  81  5:54  Drone x2  
  83  6:16  Drone x2  
  83  6:28  Overseer  
  83  6:42  Spore Crawler  
  82  6:55  Drone  
  82  6:59  Drone x2  
  85  7:05  Nydus Network  
  85  7:07  Glial Reconstitution  
  84  7:10  Drone x2  
  86  7:16  Evolution Chamber  
  86  7:19  Drone  
  86  7:20  Drone x2  
  88  7:22  Extractor  
  88  7:29  Drone x4  
  91  7:30  Extractor  
  91  7:33  Hydralisk Den  
  91  7:34  Drone x2  
  91  7:36  Drone  
  92  7:54  Zerg Missile Weapons Level 1  
  92  8:15  Nydus Canal  
  92  8:21  Extractor  
  91  8:30  Roach x5  
  91  8:31  Roach x2  
  91  8:32  Overlord  
  91  8:33  Overlord x5  
  105  9:09  Hydralisk  
  105  9:10  Hydralisk x13  
  133  9:25  Hydralisk x2  
  137  9:34  Hydralisk  
  137  9:35  Hydralisk x5  
  137  9:38  Muscular Augments  
  105  10:03  Zerg Ground Armor Level 1  
  105  10:08  Spore Crawler  
  105  10:10  Hydralisk  
  105  10:11  Hydralisk x6  
  105  10:12  Hydralisk x5  
  128  10:30  Hatchery  
  127  10:41  Hydralisk  
  127  10:42  Hydralisk x6  
  141  11:00  Hydralisk  
  141  11:01  Hydralisk  
  119  11:14  Hydralisk  
  119  11:15  Hydralisk x8  
  86  11:36  Roach  
  86  11:37  Roach x8  
  54  12:01  Roach  
  54  12:02  Roach x4  
  56  12:10  Zergling x6  
  56  12:11  Zergling x2  
  60  12:17  Roach  
  62  12:23  Roach  
  64  12:35  Zergling x4  
  59  12:45  Zergling x4  
  54  13:01  Roach  
  54  13:02  Roach  
  54  13:03  Roach x2  
Show
View Real Time Build Order
Export as new Build Order

Myran Protoss - Winner!

Build Orders:  

Get SALT Encoding   

  12  0:01  Probe (Chrono Boost)  
  13  0:11  Probe (Chrono Boost)  
  14  0:22  Pylon  
  14  0:24  Probe (Chrono Boost)  
  15  0:41  Probe (Chrono Boost)  
  16  0:48  Forge  
  16  0:51  Probe (Chrono Boost)  
  17  1:00  Pylon  
  17  1:02  Probe (Chrono Boost)  
  18  1:22  Photon Cannon  
  18  1:25  Photon Cannon  
  18  1:29  Pylon  
  18  1:38  Probe (Chrono Boost)  
  19  1:49  Gateway  
  19  1:51  Pylon  
  19  1:56  Probe (Chrono Boost)  
  19  2:06  Probe (Chrono Boost)  
  20  2:14  Pylon  
  20  2:19  Probe (Chrono Boost)  
  20  2:22  Photon Cannon  
  21  2:29  Probe (Chrono Boost)  
  22  2:34  Photon Cannon  
  22  2:40  Assimilator  
  22  2:43  Cybernetics Core  
  23  2:44  Probe (Chrono Boost)  
  23  2:52  Zealot  
  23  2:54  Probe (Chrono Boost)  
  26  3:05  Probe (Chrono Boost)  
  27  3:11  Pylon  
  27  3:15  Probe (Chrono Boost)  
  28  3:30  Stalker  
  28  3:33  Probe (Chrono Boost)  
  31  3:39  Assimilator  
  31  3:44  Probe (Chrono Boost)  
  32  3:49  Warp Gate, Nexus  
  32  3:52  Photon Cannon  
  32  3:55  Probe (Chrono Boost)  
  33  4:00  Stalker  
  35  4:07  Probe (Chrono Boost)  
  36  4:15  Gateway  
  36  4:18  Pylon  
  36  4:23  Probe (Chrono Boost)  
  37  4:35  Stalker  
  39  4:51  Nexus  
  39  4:52  Probe (Chrono Boost)  
  40  5:04  Probe (Chrono Boost)  
  40  5:06  Stalker, Zealot  
  45  5:13  Probe (Chrono Boost)  
  46  5:23  Probe (Chrono Boost)  
  46  5:27  Gateway  
  47  5:31  Pylon  
  47  5:33  Probe (Chrono Boost)  
  47  5:34  Probe (Chrono Boost)  
  49  5:40  Pylon  
  49  5:45  Probe (Chrono Boost)  
  50  5:55  Probe (Chrono Boost)  
  51  5:58  Stalker  
  51  6:01  Stalker  
  55  6:06  Probe (Chrono Boost)  
  55  6:09  Probe (Chrono Boost)  
  57  6:15  Photon Cannon  
  57  6:16  Probe (Chrono Boost)  
  58  6:19  Probe (Chrono Boost)  
  58  6:21  Zealot  
  58  6:25  Zealot  
  63  6:30  Probe (Chrono Boost)  
  64  6:38  Assimilator  
  64  6:40  Probe (Chrono Boost)  
  64  6:41  Probe (Chrono Boost)  
  64  6:43  Assimilator  
  66  6:51  Probe x2 (Chrono Boost)  
  68  6:59  Probe (Chrono Boost)  
  69  7:02  Protoss Ground Weapons Level 1, Probe (Chrono Boost)  
  69  7:04  Gateway  
  69  7:05  Gateway  
  69  7:07  Pylon  
  70  7:09  Pylon  
  70  7:11  Probe (Chrono Boost)  
  70  7:12  Forge, Probe (Chrono Boost)  
  72  7:16  Stalker  
  72  7:17  Stalker  
  72  7:18  Stalker  
  79  7:23  Probe x2 (Chrono Boost)  
  80  7:30  Twilight Council  
  80  7:31  Photon Cannon  
  80  7:34  Photon Cannon, Probe (Chrono Boost)  
  81  7:41  Photon Cannon  
  81  7:57  Protoss Air Weapons Level 1  
  81  7:58  Stalker  
  81  7:59  Stalker x2  
  81  8:03  Photon Cannon  
  87  8:06  Blink  
  87  8:07  Stargate  
  87  8:09  Stargate  
  86  8:34  Nexus  
  85  8:37  Pylon  
  85  8:41  Pylon  
  85  8:54  Stalker x3  
  85  8:55  Stalker x2  
  95  8:59  Phoenix x2  
  99  9:15  Fleet Beacon  
  97  9:26  Photon Cannon  
  97  9:29  Photon Cannon  
  96  9:33  Stalker x3, Photon Cannon  
  96  9:34  Stalker, Assimilator  
  96  9:35  Stalker  
  106  9:39  Assimilator  
  98  10:23  Carrier x2  
  110  10:33  Probe (Chrono Boost)  
  111  10:37  Graviton Catapult  
  111  10:43  Probe (Chrono Boost)  
  111  10:44  Pylon  
  111  10:48  Pylon  
  112  10:51  Stalker x3, Pylon  
  112  10:52  Zealot  
  112  10:53  Zealot  
  112  10:54  Probe (Chrono Boost)  
  123  11:04  Probe (Chrono Boost)  
  124  11:15  Probe (Chrono Boost)  
  121  11:31  Zealot x3  
  121  11:32  Zealot, Charge  
  97  11:33  Zealot  
  93  11:42  Carrier  
  93  11:43  Carrier  
  89  12:20  Zealot x4  
  89  12:21  Zealot  
  99  12:36  Probe x2 (Chrono Boost)  
  101  12:40  Assimilator  
  101  12:47  Probe (Chrono Boost)  
  99  12:57  Probe (Chrono Boost)  
  96  13:08  Probe (Chrono Boost)  
Tags
 
Add a new tag
Caveats
  • Supply blocks, unpowered buildings, or Contaminate may cause inaccurate times.
  • Supply counts are checked every 10 seconds.